 Dungeon Crawl Stone Soup version 0.22.1-2-g9c5b331 (webtiles) character file.

84 empire the Slasher (level 4, -2/40 HPs)
             Began as a Minotaur Fighter on Nov 29, 2018.
             Was an Initiate of Cheibriados.
             Slain by a goblin
             ... wielding a +0 club
             ... led by Robin
              (4 damage)
             ... on level 3 of the Dungeon.
             The game lasted 00:02:59 (1157 turns).

empire the Slasher (Minotaur Fighter)               Turns: 1157, Time: 00:03:00

Health: -2/40      AC:  5    Str: 23    XL:     4   Next: 24%
Magic:  3/3        EV:  7    Int:  6    God:    Cheibriados [......]
Gold:   190        SH:  9    Dex: 10    Spells: 3/3 levels left

rFire    x . .     SeeInvis .   a - +0 long sword
rCold    + . .     Gourm    .   c - +0 shield
rNeg     . . .     Faith    .   m - -2 scale mail (curse)
rPois    .         Spirit   .   (helmet restricted)
rElec    .         Reflect  .   (no cloak)
rCorr    .         Harm     .   (no gloves)
MR       .....                  (no boots)
Stlth    ..........             (no amulet)
HPRegen  0.13/turn              g - ring of flight
MPRegen  0.08/turn              h - ring of ice

@: very slow
A: retaliatory headbutt, horns 2
a: Bend Time, Renounce Religion, Evoke Flight


You were on level 3 of the Dungeon.
You worshipped Cheibriados.
Cheibriados was noncommittal.
You were not hungry.

You visited 1 branch of the dungeon, and saw 3 of its levels.

You collected 190 gold pieces.

Inventory:

Hand Weapons
 a - a +0 long sword (weapon)
Armour
 c - a +0 shield (worn)
 e - a +0 scale mail
 k - a +0 plate armour
 m - a cursed -2 scale mail (worn)
Jewellery
 g - a ring of flight (left hand)
 h - a ring of ice (right hand)
 n - an uncursed amulet of rage {unknown}
Scrolls
 i - a scroll of remove curse
 j - a scroll of identify {unknown}
Potions
 d - a potion of might
 l - a potion of degeneration {unknown}
Comestibles
 b - a chunk of flesh
 f - 3 rations


   Skills:
 - Level 4.1 Fighting
 * Level 4.4 Long Blades
 - Level 4.1 Armour
 - Level 4.1 Shields


You had 3 spell levels left.
You didn't know any spells.
Your spell library was empty.

Dungeon Overview and Level Annotations

Branches:
Dungeon (3/15)

Altars:
Cheibriados

Annotations:
D:3 Robin


Innate Abilities, Weirdness & Mutations

You reflexively headbutt those who attack you in melee.
You have a pair of horns on your head.


Message History

The goblin is moderately wounded.
The goblin hits you with a club! The goblin hits you but does no damage.
You block the goblin's attack. x2
You closely miss the goblin. You headbutt the goblin.
You kill the goblin!
Cheibriados thoroughly appreciates the change of pace.
The goblin hits you with a club. The goblin hits you.
The goblin hits you with a dagger.
* * * LOW HITPOINT WARNING * * *
Robin throws the goblin at you!
* * * LOW HITPOINT WARNING * * *
You block the goblin's attack.
Your shield and scale mail prevent you from hitting the goblin.
You block the goblin's attack. x2; The goblin hits you with a dagger!
* * * LOW HITPOINT WARNING * * *
Robin says, "My army is invincible!"
The goblin hits you.
* * * LOW HITPOINT WARNING * * *
The goblin hits you with a club.
You die...

#.# #.# ###.# #...#
#.### #.# ###
##.######...
##..g.....[# #
##.#.#@####.# #.#
#.##.ggggg#.###....
##.###g##.#........
##.#gg##......>#..
##.#...g..(..%...
#########....##.
..>## g.g# .gg..


You could see a hobgoblin and 8 goblins.

Vanquished Creatures
  An orc wizard (D:2)
  2 oozes
  4 dart slugs
  A leopard gecko (D:2)
  2 orcs (D:2)
  2 ball pythons
  2 giant cockroaches
  5 goblins
  6 hobgoblins
  4 kobolds
  A frilled lizard (D:1)
  5 rats
35 creatures vanquished.

Notes
Turn   | Place    | Note
-------+----------+-------------------------------------------
     0 | D:1      | empire the Minotaur Fighter began the quest for the Orb.
     0 | D:1      | Reached XP level 1. HP: 19/19 MP: 0/0
   301 | D:1      | Reached XP level 2. HP: 27/27 MP: 1/1
   728 | D:2      | Found a snail-covered altar of Cheibriados.
   750 | D:2      | Reached XP level 3. HP: 12/33 MP: 2/2
   766 | D:2      | Became a worshipper of Cheibriados the Contemplative
   851 | D:2      | Reached XP level 4. HP: 21/40 MP: 3/3
  1143 | D:3      | Noticed Robin
  1157 | D:3      | HP: 2/40 [goblin[Robin] (1)]
  1157 | D:3      | Slain by a goblin

Skill      XL: |  1  2  3 |
---------------+----------+-----
Long Blades    | 3 4 |  4.4
Fighting       | 4 |  4.1
Armour         | 4 |  4.1
Shields        | 4 |  4.1

Action                   |  1- 3 |  4- 6 || total
-------------------------+-------+-------++-------
Melee: Long sword        |    59 |    18 ||    77
       Headbutt          |    11 |     4 ||    15
  Use: Scroll            |     1 |     4 ||     5
       Potion            |     2 |       ||     2
  Eat: Chunk             |       |     1 ||     1
Armor: Scale mail        |    22 |    15 ||    37
Dodge: Dodged            |    17 |     2 ||    19
Block: Shield            |    42 |    17 ||    59
       Rpst.: Long sword |     5 |       ||     5
